 Dungeon Sprint DCSS version 0.27-a0-819-g058290f16d (webtiles) character file.

Game seed: 1051136151507190368

1516 rocky1 the Carver (level 9, -4/72 HPs)
             Began as a Formicid Fighter on Mar 30, 2021.
             Was a Priest of Cheibriados.
             Slain by a two-headed ogre
             ... wielding a +0 giant club
              (21 damage)
             ... in the Dungeon (Sprint IX: "|||||||||||||||||||||||||||||").
             The game lasted 00:03:48 (1034 turns).

rocky1 the Carver (Formicid Fighter)                Turns: 1034, Time: 00:03:48

Health: -4/72      AC:  7    Str: 30    XL:     9   Next: 9%
Magic:  7/14       EV: 15    Int: 19    God:    Cheibriados [***...]
Gold:   0          SH: 14    Dex: 20    Spells: 8/8 levels left

rFire    . . .     SeeInvis +   j - +2 scimitar (holy)
rCold    . . .     Faith    .   c - +0 kite shield
rNeg     . . .     Spirit   .   d - +0 acid dragon scales
rPois    .         Reflect  .   (helmet unavailable)
rElec    .         Harm     .   (no cloak)
rCorr    +         Rampage  .   (no gloves)
Will     .....                  (no boots)
Stlth    +.........             (no amulet)
HPRegen  0.22/turn              l - +3 ring of intelligence
MPRegen  0.14/turn              m - +3 ring of dexterity

@: very slow
A: permanent stasis, dig shafts and tunnels, antennae 3, four strong arms
a: Dig, Renounce Religion, Bend Time, Temporal Distortion


You were in the Dungeon.
You worshipped Cheibriados.
Cheibriados was most pleased with you.
You visited 1 branch

Inventory:

Hand Weapons
 a - a +0 long sword
 j - a +2 scimitar of holy wrath (weapon)
 k - a +3 war axe of freezing
Armour
 b - a +0 scale mail
 c - a +0 kite shield (worn)
 d - +0 acid dragon scales (worn)
Jewellery
 l - a +3 ring of intelligence (left hand)
 m - a +3 ring of dexterity (right hand)
Wands
 i - a wand of iceblast (8)
Scrolls
 h - 2 scrolls of amnesia
Potions
 f - 3 potions of curing
 g - 4 potions of magic


   Skills:
 + Level 7.2 Fighting
 + Level 12.0 Long Blades
 + Level 7.1 Armour
 + Level 5.0 Dodging
 - Level 10.0 Shields
 + Level 6.7 Invocations
 + Level 6.1 Evocations


You had 8 spell levels left.
You didn't know any spells.
Your spell library was empty.

Dungeon Overview and Level Annotations

Branches:
Dungeon (1/1)

Altars:
Cheibriados
Dithmenos
Elyvilon
Fedhas
Gozag
Hepliaklqana
Kikubaaqudgha
Makhleb
Nemelex Xobeh
Okawaru
Qazlal
Ru
Sif Muna
Trog
Uskayaw
Vehumet
Wu Jian
Xom
Yredelemnul
Zin
The Shining One
Beogh
Jiyva
Lugonu


Innate Abilities, Weirdness & Mutations

You cannot be hasted, slowed, berserked, paralysed or teleported.
You can dig through walls and to a lower floor.
You have a pair of large antennae on your head. (SInv)
Your four strong arms can wield two-handed weapons with a shield.


Message History

Cheibriados raises the support of your attributes as your movement slows.
Your Fighting skill increases to level 7!
Your Long Blades skill increases to level 12!
Your Armour skill increases to level 7!
Your Dodging skill increases to level 5!
Your Evocations skill increases to level 6!
You have reached level 9!
Your experience leads to an increase in your attributes!
Your base attributes are Str 22, Int 9, Dex 10.
Increase (S)trength, (I)ntelligence, or (D)exterity?
You feel stronger.
Unknown command.
You feel better.
The two-headed ogre completely misses you.
You riposte.
You slash the two-headed ogre!
The two-headed ogre is lightly wounded.
The two-headed ogre hits you with a +0 giant club.
The boulder beetle stops rolling and uncurls.
Unknown command.
You hit the two-headed ogre.
The two-headed ogre is moderately wounded.
You block the two-headed ogre's attack.
The two-headed ogre hits you with a +0 giant club!
* * * LOW HITPOINT WARNING * * *
Unknown command.
You can feel time thicken for a moment.
You can no longer inflict damage on those overly hasty.
Cheibriados lowers the support of your attributes as your movement quickens.
The two-headed ogre barely misses you.
You riposte.
You completely miss the two-headed ogre.
The two-headed ogre is heavily wounded.
You block the two-headed ogre's attack.
Okay, then.
Unknown command.
Okay, then.
You barely miss the two-headed ogre.
The two-headed ogre is heavily wounded.
You block the two-headed ogre's attack.
The two-headed ogre hits you with a +0 giant club!!
You die...

▓.▓
{
▓.▓
▓'▓
▓)▓
▓.▓
▓.▓
▓.▓
▓.▓
▓@▓
▓O▓
▓c▓
▓B▓
▓.▓
▓.▓
▓.▓
▓.▓


You could see a boulder beetle, a centaur warrior and a two-headed ogre.

Vanquished Creatures
  A manticore (D)
  An unseen horror (D)
  A meliai (D)
  A shadow (D)
  A wyvern (D)
  A yak (D)
  An acid dragon (D)
  A water moccasin (D)
  A necrophage (D)
  A phantom (D)
  A hound (D)
  A jelly (D)
  A dart slug (D)
  2 ball pythons (D)
  A bat zombie (D)
  A hobgoblin (D)
  A quokka (D)
18 creatures vanquished.

Vanquished Creatures (others)
  An orc wizard (D)
1 creature vanquished.

Grand Total: 19 creatures vanquished

Notes
Turn   | Place    | Note
-------+----------+-------------------------------------------
     0 | D        | rocky1 the Formicid Fighter began the quest for the Orb.
     0 | D        | Reached XP level 1. HP: 18/18 MP: 1/1
    10 | D        | Reached skill level 3 in Long Blades
    12 | D        | Reached XP level 2. HP: 22/24 MP: 2/2
    16 | D        | Reached skill level 5 in Shields
    22 | D        | Noticed a water moccasin
    22 | D        | Noticed a phantom
    22 | D        | Noticed a necrophage
    34 | D        | Killed a water moccasin
    35 | D        | Reached skill level 7 in Long Blades
    35 | D        | Reached XP level 3. HP: 14/29 MP: 3/3
    35 | D        | Reached XP level 4. HP: 17/35 MP: 4/4
    35 | D        | Reached XP level 5. HP: 20/41 MP: 5/5
    45 | D        | Killed a phantom
    46 | D        | Reached skill level 9 in Long Blades
    48 | D        | Killed a necrophage
    49 | D        | Reached skill level 10 in Long Blades
    49 | D        | Reached XP level 6. HP: 11/47 MP: 6/6
    52 | D        | Reached skill level 10 in Shields
    58 | D        | Found a snail-covered altar of Cheibriados.
    58 | D        | Found a shadowy altar of Dithmenos.
    58 | D        | Found a white marble altar of Elyvilon.
    58 | D        | Found a blossoming altar of Fedhas.
    58 | D        | Found an opulent altar of Gozag.
    59 | D        | Found a hazy altar of Hepliaklqana.
    60 | D        | Found a viscous altar of Jiyva.
    61 | D        | Found an ancient bone altar of Kikubaaqudgha.
    62 | D        | Became a worshipper of Cheibriados the Contemplative
   407 | D        | Found a corrupted altar of Lugonu.
   408 | D        | Found a burning altar of Makhleb.
   409 | D        | Found a sparkling altar of Nemelex Xobeh.
   410 | D        | Found an iron altar of Okawaru.
   411 | D        | Found a stormy altar of Qazlal.
   412 | D        | Found a sacrificial altar of Ru.
   413 | D        | Found a shimmering blue altar of Sif Muna.
   414 | D        | Found a bloodstained altar of Trog.
   415 | D        | Found a hide-covered altar of Uskayaw.
   416 | D        | Found a radiant altar of Vehumet.
   417 | D        | Found an ornate altar of the Wu Jian Council.
   418 | D        | Found a shimmering altar of Xom.
   419 | D        | Found a basalt altar of Yredelemnul.
   420 | D        | Found a glowing silver altar of Zin.
   421 | D        | Found a glowing golden altar of the Shining One.
   548 | D        | Noticed a wyvern
   548 | D        | Noticed a shadow
   548 | D        | Noticed a yak
   548 | D        | Noticed an acid dragon
   557 | D        | Killed a wyvern
   558 | D        | Reached skill level 11 in Long Blades
   558 | D        | Reached XP level 7. HP: 20/54 MP: 6/9
   562 | D        | Killed a shadow
   562 | D        | Reached * piety under Cheibriados
   563 | D        | Reached skill level 5 in Fighting
   563 | D        | Reached skill level 5 in Armour
   568 | D        | Killed a yak
   569 | D        | Reached XP level 8. HP: 26/64 MP: 6/11
   573 | D        | Reached ** piety under Cheibriados
   797 | D        | Noticed an unseen horror
   797 | D        | Noticed a manticore
   797 | D        | Noticed a meliai
   797 | D        | Noticed a two-headed ogre
   797 | D        | Noticed a centaur warrior
   797 | D        | Noticed a boulder beetle
   801 | D        | Killed an unseen horror
   801 | D        | Reached *** piety under Cheibriados
   802 | D        | Reached skill level 5 in Invocations
   802 | D        | HP: 1/64 [manticore/volley of spikes (16)]
  1027 | D        | Killed a manticore
  1028 | D        | Reached skill level 5 in Evocations
  1030 | D        | Killed a meliai
  1030 | D        | Reached **** piety under Cheibriados
  1031 | D        | Reached skill level 12 in Long Blades
  1031 | D        | Reached skill level 5 in Dodging
  1031 | D        | Reached XP level 9. HP: 19/72 MP: 12/14
  1034 | D        | Slain by a two-headed ogre

Illustrated notes

Levels and vault maps discovered:
D:        linesprint [early_d, line_temple, items_1, d_10, items_2, lair_1,
          lair_end, items_3, orc_1, orc_end, items_4, d_15, swamp_1, shoals_1,
          snake_1, spider_1, d_20, vaults_1, items_5, swamp_end, shoals_end,
          snake_end, spider_end, vaults_end, d_27, items_6, zot_1, zot_end,
          crypt_end, forest_end, elf_end, slime_end, tomb_end, abyss_end,
          pan_hell_end]

Skill      XL: |  1  2  3  4  5  6  7  8 |
---------------+-------------------------+-----
Shields        | 4 7 9 10 | 10.0
Long Blades    | 3 7 10 11 12 | 12.0
Fighting       | 4 5 7 |  7.2
Armour         | 4 5 7 |  7.1
Dodging        | 2 3 5 |  5.0
Invocations    | 2 4 6 |  6.7
Evocations     | 2 4 6 |  6.1

Action                   |  1- 3 |  4- 6 |  7- 9 || total
-------------------------+-------+-------+-------++-------
Melee: Long sword        |    21 |    25 |       ||    46
       Scimitar          |       |       |    27 ||    27
Invok: Slouch            |       |       |     1 ||     1
Evoke: Wand              |       |       |     2 ||     2
  Use: Potion            |     3 |     1 |     3 ||     7
 Stab: Invisible         |       |     3 |     2 ||     5
Armor: Scale mail        |     9 |     3 |     2 ||    14
       Acid dragon scale |       |       |     2 ||     2
Dodge: Dodged            |     8 |     5 |    15 ||    28
Block: Kite shield       |    12 |    10 |    18 ||    40
       Rpst.: Long sword |     4 |     3 |       ||     7
       Scimitar          |       |       |     5 ||     5

Table legend: (Time is in decaauts)
 A = Elapsed time spent in this place.
 B = Non-inter-level travel time spent in this place.
 C = Inter-level travel time spent in this place.
 D = Time resting spent in this place.
 E = Time spent auto-exploring this place.
 F = Levels seen in this place.
 G = Mean time per level.
                   A        B        C        D        E       F      G
               +--------+--------+--------+--------+--------+-----+--------+
         Total |   1052 |   1052 |      0 |    838 |      0 |   1 | 1052.0 |
       Dungeon |   1052 |   1052 |      0 |    838 |      0 |   1 | 1052.0 |
               +--------+--------+--------+--------+--------+-----+--------+

Top non-repeatable levels by time:
       D: 1052 daAuts
